 Dungeon Crawl Stone Soup version 0.27.0-1-g7a089689b8 (webtiles) character file.

Game seed: 17500416578445022270

18937 RatsInWalls the Carver (level 12, -23/86 HPs)
             Began as a Demonspawn Chaos Knight on Aug 17, 2021.
             Was a Plaything of Xom.
             Annihilated by a boulder beetle (47 damage)
             ... on level 13 of the Dungeon.
             The game lasted 00:38:18 (11946 turns).

RatsInWalls the Carver (Demonspawn Chaos Knight)   Turns: 11946, Time: 00:38:18

Health: -23/86     AC: 20    Str: 17    XL:     12   Next: 32%
Magic:  12/12      EV: 12    Int: 14    God:    Xom [*.....]
Gold:   1191       SH: 13    Dex: 13    Spells: 11/11 levels left

rFire    + . .     SeeInvis .   i - +4 scimitar (flame)
rCold    + . .     Faith    .   g - +0 buckler
rNeg     + . .     Spirit   .   I - +4 scale mail {rPois}
rPois    +         Reflect  .   (helmet restricted)
rElec    .         Harm     .   w - +0 cloak
rCorr    .         Rampage  .   G - +2 pair of gloves
Will     ++...                  E - +0 pair of boots
Stlth    ..........             (no amulet)
HPRegen  0.24/turn              f - ring of positive energy
MPRegen  0.13/turn              (no ring)

@: studying Staves
A: antennae 1, claws 2, talons 2, condensation shield, demonic magic 2,
iridescent scales 1, large bone plates 1, cold resistance 1, fire resistance 1,
frail 1, strong-willed 2, wild magic 1, evolution 1, noise suppression
a: Renounce Religion


You were on level 13 of the Dungeon.
You worshipped Xom.
You were a special plaything of Xom.
You visited 1 branch of the dungeon, and saw 13 of its levels.
You also visited: Ossuary and Bailey.

You collected 1191 gold pieces.

Inventory:

Hand Weapons
 a - a +1 falchion of venom
 i - a +4 scimitar of flaming (weapon)
 s - a +0 rapier of flaming
Missiles
 j - 7 atropa-tipped darts
 k - 43 poisoned darts (quivered)
 y - 9 throwing nets
 A - 3 curare-tipped darts
Armour
 g - a +0 buckler (worn)
 n - a +2 ring mail of cold resistance
 w - a +0 cloak (worn)
 E - a +0 pair of boots (worn)
 G - a +2 pair of gloves (worn)
 I - a +4 scale mail of poison resistance (worn)
Jewellery
 f - a ring of positive energy (left hand)
 x - an amulet of magic regeneration
Wands
 l - a wand of iceblast (21)
 C - a wand of charming (13)
 H - a wand of flame (14)
 L - a wand of mindburst (12)
 M - a wand of paralysis (10)
Scrolls
 d - 2 scrolls of fear
 h - 2 scrolls of brand weapon
 o - 2 scrolls of identify
 F - a scroll of silence
 J - a scroll of teleportation
 K - a scroll of fog
 O - a scroll of enchant armour
 P - a scroll of enchant weapon
Potions
 c - 5 potions of magic
 e - 3 potions of cancellation
 m - a potion of might
 p - 3 potions of haste
 q - a potion of mutation
 r - 2 potions of invisibility
 t - 2 potions of lignification
 u - 2 potions of brilliance
 v - 2 potions of attraction
 z - 2 potions of curing
 N - a potion of flight
Miscellaneous
 B - a tin of tremorstones (2/2)
 D - a lightning rod (4/4)


   Skills:
 + Level 9.5 Fighting
 + Level 14.4 Long Blades
 + Level 7.7 Armour
 + Level 6.3 Dodging
 - Level 0.8 Stealth
 + Level 5.8 Shields
 * Level 4.0 Evocations


You had 11 spell levels left.
You didn't know any spells.
Your spell library contained the following spells:

 Spells                   Type           Power      Damage    Failure   Level
 Corona                   Hex            0%         N/A       71%         1
 Summon Small Mammal      Summ           0%         N/A       71%         1
 Ensorcelled Hibernation  Hex/Ice        0%         N/A       83%         2
 Call Canine Familiar     Summ           0%         N/A       96%         3
 Conjure Flame            Conj/Fire      0%         6-21      96%         3
 Ignite Poison            Fire/Tmut/Pois 0%         N/A       96%         3
 Ozocubu's Armour         Ice            0%         N/A       96%         3
 Summon Guardian Golem    Hex/Summ       0%         N/A       96%         3
 Tukima's Dance           Hex            0%         N/A       96%         3
 Cause Fear               Hex            0%         N/A       100%        4
 Passage of Golubria      Tloc           N/A        N/A       100%        4
 Sticky Flame             Conj/Fire      0%         2d3       100%        4
 Yara's Violent Unravell  Hex/Tmut       0%         3d3       100%        5
 Dragon Form              Tmut           0%         N/A       100%        7
 Ozocubu's Refrigeration  Ice            0%         4d5       100%        7
 Dragon's Call            Summ           0%         N/A       100%        9


Dungeon Overview and Level Annotations

Branches:
Dungeon (13/15)            Temple (0/1) D:7            Lair (0/6) D:8
    Orc (0/2) D:9         Ossuary (visited)          Bailey (visited)
 Vaults: D:13-14

Altars:
Cheibriados
Dithmenos
Fedhas
Gozag
Kikubaaqudgha
Makhleb
Okawaru
Ru
Vehumet
Xom
Yredelemnul
Zin
The Shining One
Beogh

Shops:
D:1 :   D:3 :   D:8 *

Portals:
Trove: D:11 (give 14 scrolls of teleportation)

Annotations:
D:7 1 runed translucent door, lmSkywalker's ghost, amateur HOFi


Innate Abilities, Weirdness & Mutations

You have a pair of small antennae on your head.
You have very sharp fingernails.
You have razor-sharp toenails.
A meltable shield of frost defends you. (SH +4)
Spells you cast may paralyse nearby enemies.
You are partially covered in iridescent scales. (AC +2)
You are partially covered in large bone plates. (SH +4)
Your flesh is cold resistant. (rC+)
Your flesh is heat resistant. (rF+)
You are frail. (-10% HP)
You are highly strong-willed. (Will++)
Your spells are a little harder to cast, but a little more powerful.
You evolve.
You passively dampen the noise of your surroundings.


Message History

The boulder beetle is moderately wounded. "Heh heh heh..."
You are confused.
The boulder beetle hits you!!
The boulder beetle stops rolling and uncurls.
You are too confused!
You are too confused!
You are too confused!
The boulder beetle bites you but does no damage.
You bump into the rock wall.
The boulder beetle bites you but does no damage.
The boulder beetle bites you! "Hum-dee-hum-dee-hum..."
The boulder beetle flickers and vanishes!
Deactivating autopickup; reactivate with Ctrl-A.
Something bites you!
You feel better. Something bites you.
You barely miss something. Something bites you!
* * * LOW HITPOINT WARNING * * *
You feel much better. Something bites you!
* * * LOW HITPOINT WARNING * * *
You feel much better. Something bites you but does no damage.
You hit something. You burn something. You block something's attack.
You hit something but do no damage. You hit something. You burn something.
Something bites you!!
* * * LOW HITPOINT WARNING * * *
You feel much better. Something bites you but does no damage.
You completely miss something. You block something's attack.
You hit something but do no damage. You barely miss something.
You block something's attack.
You slash something! You burn something. Something bites you.
You barely miss something. You hit something but do no damage.
Something bites you!
* * * LOW HITPOINT WARNING * * *
Something bites you.
* * * LOW HITPOINT WARNING * * *
Something hits you!!!
Ouch! That really hurt!
You die...
Xom giggles madly!

....##..#..##...<.. .
##.#..........##### ..#
#.(..##.#####......
....#..####># #.......)
#.....°.##.###!#######
#...###○......#..# ..#
##○.......## .
#{........#
#@........######
.....................#
..#####..............###
#..........>......
#..............###
#..............#
#.........######
#.........# ........#


There were no monsters in sight!

Vanquished Creatures
  Josephine (D:10)
  A hydra (D:12)
  2 boulder beetles (D:12)
  Erica (D:8)
  3 two-headed ogres
  3 cyclopes
  A manticore (D:13)
  A gargoyle (D:10)
  An unseen horror (D:12)
  A kobold demonologist (D:13)
  A troll (D:9)
  A blink frog (shapeshifter) (D:8)
  A shadow (D:10)
  6 wraiths
  3 yaks (D:9)
  A steam dragon (D:7)
  8 vampire mosquitoes (D:10)
  3 wargs (D:8)
  A water moccasin (D:5)
  An acid dragon (D:11)
  2 ice beasts
  3 orc warriors
  8 centaurs
  An elf zombie (Ossuary)
  9 gnoll sergeants
  A scorpion (D:5)
  A wyvern zombie (D:6)
  A water moccasin zombie (D:5)
  23 killer bees
  2 howler monkeys
  A crimson imp (D:9)
  A bullfrog zombie (D:6)
  15 centaur zombies
  2 hounds (Bailey)
  8 orc priests
  A centaur skeleton (D:6)
  7 gnoll shamans
  A human zombie (Ossuary)
  2 bullfrog skeletons (D:6)
  11 orc wizards
  Natasha (twice) (D:2)
  5 iguanas
  A killer bee zombie (D:9)
  2 hound zombies (Ossuary)
  2 hound skeletons (D:4)
  3 mummies (Ossuary)
  2 howler monkey skeletons (D:4)
  28 gnolls
  9 adders
  A river rat (D:2)
  2 white imps
  An ufetubus (D:6)
  8 adder zombies (Ossuary)
  3 worms
  2 dart slugs
  31 orcs
  3 bats (D:1)
  4 endoplasms
  3 giant cockroaches
  3 gnoll zombies (Ossuary)
  9 goblins
  7 hobgoblins
  3 jackals (D:4)
  8 kobolds
  5 quokkas
  2 ball pythons
  A frilled lizard (D:2)
  4 goblin zombies (Ossuary)
  4 hobgoblin zombies (Ossuary)
  2 kobold zombies (Ossuary)
  An orc zombie (Ossuary)
  7 rats
  4 rat zombies (Ossuary)
313 creatures vanquished.

Vanquished Creatures (collateral kills)
  Harold (D:10)
  A black bear (D:5)
  A howler monkey (D:5)
3 creatures vanquished.

Grand Total: 316 creatures vanquished

Notes
Turn   | Place    | Note
-------+----------+-------------------------------------------
     0 | D:1      | RatsInWalls the Demonspawn Chaos Knight began the quest for
                  | the Orb.
     0 | D:1      | Reached XP level 1. HP: 18/18 MP: 1/1
   466 | D:1      | Gained mutation: You have sharp toenails. [demonic
                  | ancestry]
   466 | D:1      | Reached XP level 2. HP: 21/24 MP: 2/2
   511 | D:1      | XOM: silly message
   554 | D:1      | Found a faded altar of an unknown god.
   720 | D:1      | Found Fount's Book Emporium.
   874 | D:1      | XOM: noise
   970 | D:2      | XOM: divination: detect creatures
  1131 | D:2      | XOM is BORED!
  1131 | D:2      | XOM: noise
  1195 | D:2      | Reached skill level 3 in Long Blades
  1195 | D:2      | Reached skill level 1 in Dodging
  1195 | D:2      | Gained mutation: Spells you cast may paralyse adjacent
                  | enemies. [demonic ancestry]
  1195 | D:2      | Reached XP level 3. HP: 19/29 MP: 3/3
  1265 | D:2      | XOM: silly message
  1714 | D:2      | XOM: divination: detect items
  1750 | D:2      | Gained mutation: You have sharp fingernails. [demonic
                  | ancestry]
  1750 | D:2      | Reached XP level 4. HP: 18/36 MP: 4/4
  1754 | D:2      | XOM: cleaving
  1768 | D:2      | XOM: scenery: create altars
  1983 | D:2      | XOM: give mutations
  1983 | D:2      | Gained mutation: You are partially covered in iridescent
                  | scales. (AC +2) [Xom's grace]
  1983 | D:2      | Gained mutation: Your flesh is heat resistant. (rF+) [Xom's
                  | grace]
  1983 | D:2      | Gained mutation: You have a pair of small horns on your
                  | head. [Xom's grace]
  1983 | D:2      | Gained mutation: You are strong-willed. (Will+) [Xom's
                  | grace]
  2444 | D:3      | Noticed Natasha
  2458 | D:2      | Killed Natasha
  2551 | D:2      | Gained mutation: A meltable shield of frost defends you.
                  | (SH +4) [demonic ancestry]
  2551 | D:2      | Reached XP level 5. HP: 31/42 MP: 5/5
  2586 | D:3      | XOM: give mutations
  2586 | D:3      | Gained mutation: You evolve. [Xom's grace]
  2586 | D:3      | Gained mutation: You have a pair of horns on your head.
                  | [Xom's grace]
  2699 | D:3      | XOM: cleaving
  2838 | D:2      | Noticed Natasha
  2849 | D:2      | Killed Natasha
  2915 | D:3      | Reached skill level 4 in Long Blades
  3003 | D:3      | XOM: divination: magic mapping
  3212 | D:3      | Found Lockuk's Book Emporium.
  3242 | D:3      | Lost mutation: You have a pair of horns on your head.
                  | [evolution]
  3248 | D:3      | Found an iron altar of Okawaru.
  3249 | D:3      | Found a sacrificial altar of Ru.
  3251 | D:3      | Found an ancient bone altar of Kikubaaqudgha.
  3252 | D:3      | Found a shadowy altar of Dithmenos.
  3441 | D:4      | XOM: enchant monster (good)
  3483 | D:4      | Gained mutation: You have very sharp fingernails. [demonic
                  | ancestry]
  3483 | D:4      | Reached XP level 6. HP: 49/49 MP: 6/6
  3559 | D:4      | XOM: stat loss: -1 Str (14/15)
  3567 | D:4      | XOM: chaos upgrade
  3719 | D:4      | XOM: enchant monster (good)
  3863 | D:4      | XOM: give mutations
  3863 | D:4      | Gained mutation: You are weak. (Str -2) [Xom's mischief]
  3863 | D:4      | Gained mutation: You passively dampen the noise of your
                  | surroundings. [Xom's mischief]
  3863 | D:4      | Gained mutation: Your body sometimes deteriorates upon
                  | taking damage. [Xom's mischief]
  3891 | D:4      | Found a shimmering altar of Xom.
  3992 | D:5      | Entered Level 5 of the Dungeon
  4068 | D:5      | Noticed a water moccasin
  4078 | D:5      | XOM: scenery: 1 doors open
  4084 | D:5      | XOM: summons 3 hostile shadow creatures
  4087 | D:5      | Killed a water moccasin
  4088 | D:5      | XOM: polymorph orc -> quokka
  4104 | D:5      | Reached XP level 7. HP: 20/55 MP: 7/7
  4160 | D:4      | Gained mutation: Your flesh is cold resistant. (rC+)
                  | [evolution]
  4368 | D:5      | XOM: polymorph jelly -> killer bee
  4372 | D:5      | Reached skill level 5 in Long Blades
  4464 | D:5      | XOM: stat loss: -1 Str (12/13)
  4824 | D:5      | Reached skill level 1 in Shields
  4846 | D:5      | XOM: swap monsters
  4848 | D:5      | XOM: summons friendly white imp
  4955 | D:5      | XOM: stat loss: -1 Dex (11/12)
  5151 | D:6      | XOM: noise
  5160 | D:6      | XOM: 1-stop teleportation journey
  5163 | D:6      | Reached skill level 5 in Fighting
  5163 | D:6      | Gained mutation: You have razor-sharp toenails. [demonic
                  | ancestry]
  5163 | D:6      | Reached XP level 8. HP: 47/62 MP: 8/8
  5168 | D:6      | Found an opulent altar of Gozag.
  5291 | D:6      | XOM: blink monster(s)
  5298 | D:6      | Reached skill level 6 in Long Blades
  5343 | D:6      | XOM: 1-stop teleportation journey
  5527 | D:5      | Lost mutation: You are weak. (Str -2) [evolution]
  5667 | D:6      | Identified the +8 mace of Death {freeze, rCorr Int-4 Dex+6}
  5866 | D:6      | XOM: give mutations
  5866 | D:6      | Gained mutation: You sometimes lose the ability to read
                  | scrolls when taking damage. [Xom's mischief]
  5866 | D:6      | Lost mutation: You have a pair of small horns on your head.
                  | [Xom's mischief]
  5866 | D:6      | Gained mutation: You have claws for hands. [Xom's mischief]
  6478 | D:6      | XOM: give mutations
  6478 | D:6      | Gained mutation: You are highly strong-willed. (Will++)
                  | [Xom's grace]
  6478 | D:6      | Gained mutation: Your spells are a little harder to cast,
                  | but a little more powerful. [Xom's grace]
  6478 | D:6      | Gained mutation: Your natural rate of healing is unusually
                  | fast. [Xom's grace]
  6478 | D:6      | Gained mutation: You are mostly covered in iridescent
                  | scales. (AC +4) [Xom's grace]
  6515 | D:7      | Reached skill level 5 in Armour
  6565 | D:7      | Found a staircase to the Ecumenical Temple.
  6597 | D:7      | Found a runed translucent door.
  6617 | D:7      | XOM: give mutations
  6617 | D:7      | Lost mutation: You have claws for hands. [Xom's mischief]
  6617 | D:7      | Lost mutation: You are mostly covered in iridescent scales.
                  | (AC +4) [Xom's mischief]
  6638 | D:7      | Noticed lmSkywalker's ghost (amateur HOFi)
  6644 | D:7      | XOM: noise
  6695 | D:7      | XOM: cleaving
  6703 | D:7      | Reached skill level 7 in Long Blades
  6856 | D:8      | Found a sand-covered staircase.
  6887 | D:8      | XOM: 2-stop teleportation journey
  6895 | D:8      | XOM: god gift: +4 scimitar of flaming
  6902 | D:8      | Noticed Erica
  6912 | D:8      | XOM: cast spell 'Alistair's Intoxication'
  6914 | D:8      | Killed Erica
  6915 | D:8      | Reached XP level 9. HP: 26/69 MP: 9/9
  6945 | D:8      | Found Omoeb's General Store.
  6988 | D:8      | Found a blossoming altar of Fedhas.
  7010 | Ossuary  | Entered an ossuary
  7178 | Ossuary  | Reached skill level 8 in Long Blades
  7261 | Ossuary  | Gained mutation: You are covered in fur. (AC +1)
                  | [evolution]
  7271 | D:8      | Identified a scroll of acquirement
  7271 | D:8      | Acquired a manual of Long Blades
  7294 | D:8      | Found a staircase to the Lair.
  7344 | D:8      | Reached skill level 9 in Long Blades
  7439 | D:8      | XOM: summons friendly ufetubus
  7478 | D:8      | XOM: 2-stop teleportation journey
  7499 | D:8      | XOM: god gift: wand of iceblast (8)
  7958 | D:8      | XOM: enchant monster (good)
  7966 | D:8      | XOM: polymorph orc priest -> shapeshifter
  7975 | D:8      | Reached skill level 10 in Long Blades
  7975 | D:8      | Reached XP level 10. HP: 54/77 MP: 10/10
  8040 | D:8      | XOM: god gift: ring of fire
  8061 | D:8      | XOM: chaos upgrade
  8107 | D:9      | Found a staircase to the Orcish Mines.
  8115 | D:9      | Reached skill level 5 in Dodging
  8144 | D:9      | XOM: summons friendly shadow imp
  8151 | D:9      | XOM: 6-stop teleportation journey
  8199 | D:9      | Found a flagged portal.
  8222 | Bailey   | Entered a bailey
  8303 | Bailey   | XOM: cast spell 'Leda's Liquefaction'
  8336 | Bailey   | XOM: cloud trail
  8494 | Bailey   | XOM: potion effect (berserk rage)
  8508 | Bailey   | Reached skill level 11 in Long Blades
  8549 | Bailey   | XOM: silly message
  8641 | Bailey   | XOM: silly message
  8675 | D:9      | XOM: cast spell 'Olgreb's Toxic Radiance'
  8685 | D:9      | XOM: potion effect (invisibility)
  8713 | D:9      | XOM: potion effect (might)
  8810 | D:9      | XOM: give mutation
  8810 | D:9      | Gained mutation: You are frail. (-10% HP) [Xom's mischief]
  8819 | D:9      | Noticed a two-headed ogre
  8823 | D:9      | XOM: cast spell 'Discord'
  8827 | D:9      | Killed a two-headed ogre
  8828 | D:9      | Reached skill level 1 in Evocations
  8849 | D:9      | Found a radiant altar of Vehumet.
  8850 | D:9      | Found a burning altar of Makhleb.
  8885 | D:9      | Reached skill level 12 in Long Blades
  9027 | D:9      | XOM: give mutations
  9027 | D:9      | Gained mutation: You are clumsy. (Dex -2) [Xom's mischief]
  9027 | D:9      | Lost mutation: You are partially covered in iridescent
                  | scales. (AC +2) [Xom's mischief]
  9027 | D:9      | Lost mutation: You sometimes lose the ability to read
                  | scrolls when taking damage. [Xom's mischief]
  9027 | D:9      | Lost mutation: You are clumsy. (Dex -2) [Xom's mischief]
  9053 | D:10     | Entered Level 10 of the Dungeon
  9115 | D:10     | Gained mutation: You have a pair of small antennae on your
                  | head. [demonic ancestry]
  9115 | D:10     | Reached XP level 11. HP: 51/77 MP: 11/11
  9263 | D:10     | Found a basalt altar of Yredelemnul.
  9270 | D:10     | XOM: cleaving
  9293 | D:10     | XOM: draining
  9297 | D:10     | XOM: scenery: summon butterflies
  9365 | D:10     | XOM: destruction
  9383 | D:10     | XOM: scenery: summon butterflies
  9442 | D:10     | XOM: enchant monster (bad)
  9449 | D:10     | Reached skill level 13 in Long Blades
  9481 | D:10     | Found a snail-covered altar of Cheibriados.
  9481 | D:10     | XOM: 4-stop teleportation journey
  9490 | D:10     | XOM: smoke on damage
  9515 | D:10     | Noticed Harold
  9524 | D:10     | Killed Harold
  9615 | D:10     | Noticed Josephine
  9632 | D:10     | Killed Josephine
  9633 | D:10     | Reached skill level 5 in Shields
  9645 | D:10     | XOM: enchant monster (bad)
 10030 | D:11     | Reached skill level 14 in Long Blades
 10214 | D:11     | XOM: 1-stop teleportation journey
 10245 | D:11     | Found a portal to a secret trove of treasure.
 10473 | D:11     | Noticed a two-headed ogre
 10479 | D:11     | Killed a two-headed ogre
 10548 | D:11     | Gained mutation: You are partially covered in large bone
                  | plates. (SH +4) [evolution]
 10550 | D:11     | XOM: enchant monster (bad)
 10554 | D:11     | XOM: confusion
 10555 | D:11     | XOM: blink monster(s)
 10968 | D:12     | Noticed a boulder beetle
 10987 | D:12     | Killed a boulder beetle
 10988 | D:12     | Gained mutation: Spells you cast may paralyse nearby
                  | enemies. [demonic ancestry]
 10988 | D:12     | Reached XP level 12. HP: 63/85 MP: 12/12
 11053 | D:12     | Noticed a boulder beetle
 11063 | D:12     | XOM: cast spell 'Summon Mana Viper'
 11070 | D:12     | Killed a boulder beetle
 11188 | D:12     | Noticed a five-headed hydra
 11193 | D:12     | Killed a one-headed hydra
 11275 | D:12     | Noticed a two-headed ogre
 11280 | D:12     | Killed a two-headed ogre
 11280 | D:12     | XOM: give mutations
 11280 | D:12     | Lost mutation: Your body sometimes deteriorates upon taking
                  | damage. [Xom's mischief]
 11280 | D:12     | Lost mutation: Your natural rate of healing is unusually
                  | fast. [Xom's mischief]
 11280 | D:12     | Gained mutation: You are very frail. (-20% HP) [Xom's
                  | mischief]
 11280 | D:12     | Lost mutation: You are covered in fur. (AC +1) [Xom's
                  | mischief]
 11418 | D:12     | XOM: cleaving
 11562 | D:12     | XOM: give mutation
 11562 | D:12     | Lost mutation: You are very frail. (-20% HP) [Xom's
                  | mischief]
 11565 | D:12     | XOM: torment (44/86 hp)
 11607 | D:12     | XOM: summons 1 hostile demon
 11672 | D:12     | Gained mutation: You are partially covered in iridescent
                  | scales. (AC +2) [evolution]
 11919 | D:13     | Noticed a boulder beetle
 11922 | D:13     | XOM: confusion
 11926 | D:13     | XOM: enchant monster (bad)
 11946 | D:13     | Annihilated by a boulder beetle

Illustrated notes

Levels and vault maps discovered:
D:1:      nicolae_arrival_memento_mori, layout_loops_cross, serial_shops,
          nicolae_square_shop, basic_ecumenical_altar
D:2:      layout_loops_ring
D:3:      layout_rooms, minitemple, serial_shops, nicolae_shop_trees,
          guppyfry_early_lair_pool, uniq_natasha
D:4:      layout_gridville, tgw_xom, st_stairs_7, corner_web_ring
D:5:      layout_basic, grunt_decor_one_mirror
D:6:      layout_rooms, grunt_gozag_breadcrumbs
D:7:      layout_rooms, minmay_temple_entry_arrows,
          ebering_ghost_reflecting_pool, minmay_misc_feat_five
D:8:      layout_loops_corners, chequers_temple_overflow_statue_of_worship,
          erik_lair_orcish_takeover, serial_shops, nicolae_take_the_stairs,
          nicolae_ossuary_entry_monument, uniq_erica
D:9:      layout_rooms, grunt_temple_overflow_lords_of_destruction,
          minmay_orc_entry_temple_small, enter_bailey_3
D:10:     layout_irregular_city, lemuel_coloured_pillars_altar,
          nicolae_yredelemnul_corpse_copse, uniq_josephine, uniq_harold
D:11:     layout_cave_pods, enter_trove_0
D:12:     layout_rooms
D:13:     layout_rooms, grunt_vaults_entry_fortified, dk_noncrumbling_4,
          uniq_kirke

Skill      XL: |  1  2  3  4  5  6  7  8  9 10 11 12 |
---------------+-------------------------------------+-----
Armour         | 2 3 4 5 6 7 |  7.7
Long Blades    | 3 4 5 7 10 12 14 | 14.4
Dodging        | 1 2 3 4 5 6 |  6.3
Fighting       | 4 5 6 8 9 |  9.5
Shields        | 1 2 4 5 |  5.8
Evocations     | 1 3 4 |  4.0
Stealth        | |  0.8

Action                   |  1- 3 |  4- 6 |  7- 9 | 10-12 || total
-------------------------+-------+-------+-------+-------++-------
Melee: Falchion          |    86 |   169 |   157 |       ||   412
       Kick              |    14 |    59 |    88 |    37 ||   198
       Headbutt          |       |    31 |    25 |       ||    56
       Scimitar          |       |       |   170 |   477 ||   647
Evoke: Wand              |       |       |       |    14 ||    14
       Lightning rod     |       |       |       |     4 ||     4
       Tin of tremorston |       |       |       |     1 ||     1
  Use: Scroll            |     1 |    10 |    14 |     6 ||    31
       Potion            |       |     4 |     2 |     5 ||    11
 Stab: Paralysed         |       |     3 |       |       ||     3
       Invisible         |       |       |       |     2 ||     2
Armor: Leather armour    |    36 |    28 |       |       ||    64
       Ring mail         |       |    27 |   131 |   138 ||   296
       Scale mail        |       |       |       |    65 ||    65
Dodge: Dodged            |    52 |    82 |   170 |   190 ||   494
Block: Other             |       |    22 |    55 |     5 ||    82
       Buckler           |       |       |       |   198 ||   198
       Rpst.: Falchion   |    12 |    37 |    20 |       ||    69
       Scimitar          |       |       |    19 |    48 ||    67
